 Dungeon Crawl Stone Soup version 0.19.5 (webtiles) character file.

9729 equalderp2856 the Carver (level 11, 0/84 HPs)
             Began as a Mummy Fighter on Mar 30, 2017.
             Slain by an unseen horror (4 damage)
             ... on level 10 of the Dungeon on Mar 31, 2017.
             The game lasted 01:40:17 (26320 turns).

equalderp2856 the Carver (Mummy Fighter)           Turns: 26320, Time: 01:40:18

Health: 0/84       AC:  8    Str: 20    XL:     11   Next: 26%
Magic:  14/14      EV: 13    Int:  9    God:
Gold:   512        SH:  6    Dex: 13    Spells: 2 memorised, 12 levels left

rFire  x . .     SeeInvis .     (no weapon)
rCold  + + .     Gourm    .     u - +2 leather armour {rC+}
rNeg   + + +     Faith    .     X - +0 buckler
rPois  ∞         Spirit   .     (no helmet)
rElec  .         Reflect  .     W - +1 cloak {+Inv}
rCorr  .         Harm     .     (no gloves)
MR     +....                    (no boots)
Stlth  ++........               (no amulet)
                                (no ring)
                                (no ring)

@: no status effects
A: no food or potions, fire vulnerability, cold resistance 1, negative energy
resistance 3, torment resistance, unbreathing
a: Evoke Invisibility


You were on level 10 of the Dungeon.
You were not hungry.

You visited 1 branch of the dungeon, and saw 10 of its levels.
You also visited: Bailey.

You collected 512 gold pieces.

Inventory:

Hand Weapons
 a - a +0 long sword
 k - a +3 morningstar
 t - a +1 trident of piercing
 y - a +3 dagger
 B - a +4 scimitar of freezing
 F - a +0 hunting sling
 G - a +0 falchion
 K - a +4 halberd of freezing
 L - a +0 dagger of venom
 N - a +0 shortbow
 R - a +0 scimitar
 Z - a +0 short sword
Missiles
 q - 96 stones (quivered)
Armour
 b - a +0 scale mail
 c - a +0 shield
 i - a +0 buckler
 u - a +2 leather armour of cold resistance (worn)
 w - a +0 cloak of poison resistance
 E - a +0 robe
 H - a +0 chain mail
 J - the +3 chain mail "Itiw" {rC+ Int+2}
   (You found it on level 4 of the Dungeon)

   It affects your intelligence (+2).
   It protects you from cold.
 Q - a +0 robe of cold resistance
 T - a +0 troll leather armour
 U - a +0 plate armour
 W - a +1 cloak of invisibility (worn)
 X - a +0 buckler (worn)
Jewellery
 d - an uncursed ring of fire
 C - a +1 ring of evasion
Scrolls
 e - 3 scrolls of recharging
 f - 5 scrolls of remove curse
 l - a scroll of fog
 n - 5 scrolls of enchant armour
 p - 8 scrolls of identify
 r - a scroll of amnesia
 s - 3 scrolls of magic mapping
 x - a scroll of acquirement
 P - a scroll of brand weapon
Books
 S - a book of Cantrips

   Spells                             Type                      Level
   a - Confusing Touch                Hexes                        1
   b - Animate Skeleton               Necromancy                   1
   c - Summon Small Mammal            Summoning                    1
   d - Apportation                    Translocation                1
Miscellaneous
 m - a box of beasts


   Skills:
 - Level 7.1 Fighting
 - Level 0.1(5.3) Short Blades
 - Level 8.7 Long Blades
 - Level 0.1 Maces & Flails
 - Level 7.1 Armour
 - Level 3.0 Dodging
 * Level 2.2 Stealth
 - Level 7.2 Shields
 * Level 2.0 Spellcasting
 * Level 1.6 Hexes
 * Level 1.9 Summonings
 * Level 1.4 Evocations


You had 12 spell levels left.
You knew the following spells:

 Your Spells              Type           Power        Failure   Level  Hunger
a - Confusing Touch       Hex            #.....       21%         1    N/A
b - Summon Small Mammal   Summ           #...         21%         1    N/A

Dungeon Overview and Level Annotations

Branches:
Dungeon (10/15)            Temple (0/1) D:7            Lair (0/6) D:8
    Orc (0/2) D:9

Altars:
Kikubaaqudgha
Nemelex Xobeh
Okawaru
Qazlal
Uskayaw

Shops:
D:5 ::

Annotations:
D:3 Edmund
D:5 Grinder


Innate Abilities, Weirdness & Mutations

You do not eat or drink.
Your flesh is vulnerable to fire.
You are immune to poison.
Your flesh is cold resistant. (rC+)
You are immune to negative energy. (rN+++)
You are immune to unholy pain and torment.
You can survive without breathing.


Message History

* * * LOW HITPOINT WARNING * * *
You hit something but do no damage. Something hits you.
* * * LOW HITPOINT WARNING * * *
You block something's attack. You block something's attack. Something hits you.
* * * LOW HITPOINT WARNING * * *
Something hits you but does no damage.
You hit something but do no damage.
Your hands stop glowing.
Something hits you.
* * * LOW HITPOINT WARNING * * *
Something hits you but does no damage. x2
You closely miss something. Something hits you.
* * * LOW HITPOINT WARNING * * *
Something hits you!
* * * LOW HITPOINT WARNING * * *
Something hits you but does no damage.
You miss something. Something hits you.
You die...

####....#######..
... #....# #..
#.. ####....# #..
#.. ......%.# #..
#.. #####...# #..
#.. #...# #.. #..
#{§.# #..
#..#########...#
#..
#......@..§§...#
#..
################
###


There were no monsters in sight!

Vanquished Creatures
  A deep elf mage (Bailey)
  Maurice (D:8)
  A komodo dragon (D:9)
  2 trolls
  A hornet (D:7)
  A vampire (D:9)
  A wraith (D:9)
  A spriggan (D:10)
  6 yaks (D:9)
  A wyvern (D:8)
  2 hungry ghosts
  7 orc warriors
  3 sky beasts
  2 ice beasts
  3 necrophages
  An eye of draining (D:9)
  4 phantoms
  6 ogres
  2 centaurs (D:9)
  A crocodile (D:9)
  12 bullfrogs
  3 big kobolds
  2 gnoll sergeants (D:9)
  A scorpion (D:6)
  A water moccasin skeleton (D:4)
  3 killer bees (D:9)
  3 howler monkeys
  6 wights (D:7)
  4 crimson imps
  A centaur zombie (D:7)
  A quasit (D:6)
  10 orc priests
  5 hounds
  3 jellies
  13 orc wizards
  3 bullfrog skeletons
  3 centaur skeletons
  2 gnoll shamans
  6 iguanas
  10 worker ants
  3 hound skeletons
  4 hound zombies
  A mummy (D:4)
  A howler monkey zombie (D:8)
  A worker ant zombie (D:9)
  9 adders
  15 gnolls
  2 shadow imps
  2 oozes
  3 adder skeletons
  3 worms
  A dart slug (D:1)
  7 leopard geckos
  42 orcs
  8 ball pythons
  8 giant cockroaches
  15 goblins
  3 hobgoblins
  16 jackals
  7 quokkas
  7 bats
  4 frilled lizards
  4 hobgoblin zombies (D:4)
  17 kobolds
  2 leopard gecko zombies
  2 quokka skeletons
  4 rats
330 creatures vanquished.

Notes
Turn   | Place    | Note
-------+----------+-------------------------------------------
     0 | D:1      | equalderp2856 the Mummy Fighter began the quest for the Orb.
     0 | D:1      | Reached XP level 1. HP: 18/18 MP: 1/1
   105 | D:1      | Reached XP level 2. HP: 10/24 MP: 2/2
   873 | D:1      | Reached XP level 3. HP: 20/29 MP: 3/3
  1712 | D:2      | Reached skill level 2 in Long Blades
  1966 | D:2      | Reached skill level 1 in Dodging
  1985 | D:2      | Found an ancient bone altar of Kikubaaqudgha.
  2127 | D:3      | Reached XP level 4. HP: 35/35 MP: 4/4
  2687 | D:2      | Found a stormy altar of Qazlal.
  2700 | D:2      | HP: 1/35 [orc priest/divine providence (15)]
  3051 | D:3      | Reached XP level 5. HP: 18/41 MP: 5/5
  3606 | D:4      | Reached skill level 3 in Long Blades
  3694 | D:4      | Reached XP level 6. HP: 26/47 MP: 6/6
  3996 | D:4      | Reached skill level 4 in Long Blades
  4158 | D:4      | Found a hide-covered altar of Uskayaw.
  4162 | D:4      | Noticed Edmund
  5207 | D:5      | Entered Level 5 of the Dungeon
  5220 | D:5      | Reached XP level 7. HP: 38/53 MP: 7/7
  5409 | D:5      | Found Votaolucag's Book Boutique.
  5810 | D:5      | Found Boufrufu's Book Boutique.
  5942 | D:5      | Found an iron altar of Okawaru.
  6572 | D:5      | Noticed Grinder
  6688 | D:6      | Reached skill level 5 in Long Blades
  6742 | D:6      | Reached XP level 8. HP: 40/60 MP: 8/8
  7750 | D:6      | Reached skill level 5 in Shields
  9049 | D:7      | Found a flagged portal.
  9107 | Bailey   | Entered a bailey
  9113 | Bailey   | Noticed a deep elf mage
  9125 | Bailey   | Killed a deep elf mage
  9125 | Bailey   | Reached skill level 5 in Fighting
  9125 | Bailey   | Reached skill level 6 in Long Blades
  9404 | Bailey   | Noticed a deep elf mage
  9406 | Bailey   | Noticed a deep elf mage
  9406 | Bailey   | Noticed a deep elf mage
  9695 | D:7      | Found a staircase to the Ecumenical Temple.
  9788 | D:7      | Reached XP level 9. HP: 63/68 MP: 9/9
 10121 | D:7      | Found a sparkling altar of Nemelex Xobeh.
 11575 | D:4      | Reached skill level 5 in Armour
 12265 | D:4      | Got a fine chain mail
 12278 | D:4      | Identified the +3 chain mail "Itiw" {rC+ Int+2} (You found it on level 4 of the Dungeon)
 12674 | D:7      | Reached skill level 7 in Long Blades
 13151 | D:8      | Reached skill level 1 in Stealth
 14075 | D:8      | Found a staircase to the Lair.
 14786 | D:6      | Noticed a troll
 15800 | D:6      | Reached XP level 10. HP: 75/76 MP: 10/10
 17297 | D:9      | Noticed Maurice
 17377 | D:8      | Killed Maurice
 17817 | D:9      | Found a staircase to the Orcish Mines.
 18400 | D:9      | Reached skill level 8 in Long Blades
 18546 | D:9      | Got an ichor-stained robe
 20070 | D:9      | Identified the cursed +1 robe of the Stag {*Corrode rN++} (You found it on level 9 of the Dungeon)
 24244 | D:9      | Identified a scroll of acquirement
 24460 | D:9      | Learned a level 1 spell: Confusing Touch
 24462 | D:9      | Learned a level 1 spell: Summon Small Mammal
 24628 | D:10     | Entered Level 10 of the Dungeon
 24651 | D:10     | Reached XP level 11. HP: 69/84 MP: 11/11
 25117 | D:9      | Reached skill level 1 in Hexes
 25125 | D:9      | Reached skill level 1 in Spellcasting
 25125 | D:9      | Reached skill level 1 in Summonings
 25132 | D:9      | Reached skill level 1 in Evocations
 26319 | D:10     | HP: 3/84 [something (7)]
 26320 | D:10     | Slain by an unseen horror

Skill      XL: |  1  2  3  4  5  6  7  8  9 10 11 |
---------------+----------------------------------+-----
Long Blades    | 2 3 4 5 6 7 8 |  8.7
Dodging        | 1 2 3 |  3.0
Shields        | 3 4 5 6 7 |  7.2
Armour         | 3 4 5 7 |  7.1
Fighting       | 4 5 6 7 |  7.1
Stealth        | 1 2 |  2.2
Hexes          | 1 |  1.6
Spellcasting   | 2 |  2.0
Summonings     | 1 |  1.9
Evocations     | 1 |  1.4
Short Blades   | |  0.1
Maces & Flails | |  0.1

Action                   |  1- 3 |  4- 6 |  7- 9 | 10-12 || total
-------------------------+-------+-------+-------+-------++-------
Melee: Long sword        |   135 |   298 |   816 |    82 ||  1331
       Scimitar          |       |       |       |   396 ||   396
       Dagger            |       |       |       |    63 ||    63
       Falchion          |       |       |       |    40 ||    40
       Morningstar       |       |       |       |     2 ||     2
       Unarmed           |       |       |       |     4 ||     4
 Cast: Confusing Touch   |       |       |       |     1 ||     1
Evoke: Wand              |       |       |     4 |     2 ||     6
  Use: Scroll            |       |       |     5 |    11 ||    16
Armor: Scale mail        |    54 |    26 |       |       ||    80
       Chain mail        |       |   144 |   402 |   120 ||   666
       Leather armour    |       |       |       |    25 ||    25
       Robe              |       |       |       |    10 ||    10
       Plate armour      |       |       |       |    50 ||    50
Dodge: Dodged            |    55 |    69 |   231 |   209 ||   564
Block: Shield            |    79 |   157 |   446 |   230 ||   912
       Buckler           |       |       |       |    17 ||    17
       Rpst.: Long sword |    19 |    25 |    71 |    10 ||   125
       Scimitar          |       |       |       |    31 ||    31
       Falchion          |       |       |       |     2 ||     2
